AA CENTRAL
AMARILLO SOD POODLES @ CORPUS CHRISTI HOOKS
08/26/2041
 
TOP OF THE 1ST
Amarillo Sod Poodles batting - Pitching for Corpus Christi Hooks : RHP Tony Bader
Pitching: RHP Tony Bader
Batting: RHB Pancho Castellanos 0-0: Ball
1-0: Fly out, F9 (Flyball, 89M, EV 83.1 MPH)
Batting: SHB Joe Gibson 0-0: Ball
1-0: Swinging Strike
1-1: Ball
2-1: Swinging Strike
2-2: SINGLE (Groundball, 34D, EV 97.5 MPH)
Batting: LHB Jared Gyll 0-0: Grounds into double play, 4-6-3 (Groundball, 4, EV 83.1 MPH)
Top of the 1st over - 0 runs, 1 hit, 0 errors, 0 left on base; Amarillo 0 - Corpus Christi 0
BOTTOM OF THE 1ST
Corpus Christi Hooks batting - Pitching for Amarillo Sod Poodles : RHP Dewitt Hawn
Pitching: RHP Dewitt Hawn
Batting: SHB Ismael Gonzáles 0-0: Foul Ball, location: 2LF
0-1: Ball
1-1: Swinging Strike
1-2: Foul Ball, location: 2F
1-2: Ball
2-2: Foul Ball, location: 2F
2-2: Foul Ball, location: 2F
2-2: Strikes out swinging
Batting: RHB Jerry Herring 0-0: Ground out 6-3 (Groundball, 6, EV 81.9 MPH)
Batting: LHB Cliff Hammock 0-0: Ball
1-0: Foul Ball, location: 2RF
1-1: Ball
2-1: Ball
3-1: Swinging Strike
3-2: DOUBLE (Flyball, 8LXD, EV 110.6 MPH)
Batting: RHB Jorge Guzmán 0-0: Ball
1-0: Ball
2-0: Called Strike
2-1: Foul Ball, location: 2F
2-2: Strikes out looking
Bottom of the 1st over - 0 runs, 1 hit, 0 errors, 1 left on base; Amarillo 0 - Corpus Christi 0
TOP OF THE 2ND
Amarillo Sod Poodles batting - Pitching for Corpus Christi Hooks : RHP Tony Bader
Batting: RHB Greg Jamison 0-0: Ball
1-0: Foul Ball, location: 5FF
1-1: Swinging Strike
1-2: Fly out, F7 (Flyball, 78M, EV 92.5 MPH)
Batting: RHB José Elrayes 0-0: Ball
1-0: Ball
2-0: Swinging Strike
2-1: Foul Ball, location: 3F
2-2: Foul Ball, location: 9LMF
2-2: Ball
3-2: Base on Balls
Batting: RHB Stan Hammons 0-0: Fly out, F8 (Flyball, 8RD, EV 101.9 MPH)
Batting: RHB Manny Marroquín 0-0: Ball
José Elrayes steals 2nd base
1-0: Called Strike
1-1: Foul Ball, location: 3DF
1-2: Ball
2-2: Ground out U3 (Groundball, 34, EV 85.6 MPH)
Top of the 2nd over - 0 runs, 0 hits, 0 errors, 1 left on base; Amarillo 0 - Corpus Christi 0
BOTTOM OF THE 2ND
Corpus Christi Hooks batting - Pitching for Amarillo Sod Poodles : RHP Dewitt Hawn
Batting: LHB Josh Brown 0-0: Foul Ball, location: 7LSF
0-1: Ground out 4-3 (Groundball, 4, EV 63.1 MPH)
Batting: RHB Tony Hernández 0-0: Called Strike
0-1: Called Strike
0-2: Foul Ball, location: 9LSF
0-2: SINGLE (Groundball, 34D, EV 93.8 MPH)
Batting: RHB Baden Jiang 0-0: Ball
1-0: Ball
2-0: Called Strike
2-1: Swinging Strike
2-2: Strikes out swinging
Batting: RHB Dave King 0-0: Ball
1-0: Foul Ball, location: 5F
1-1: Ball
2-1: Called Strike
2-2: 2-RUN HOME RUN (Flyball, 78XD, EV 109.4 MPH), Distance : 443 ft
Batting: RHB Bernardo Bello 0-0: Ball
1-0: Swinging Strike
1-1: Ground out U3 (Groundball, 34, EV 100.6 MPH)
Bottom of the 2nd over - 2 runs, 2 hits, 0 errors, 0 left on base; Amarillo 0 - Corpus Christi 2
TOP OF THE 3RD
Amarillo Sod Poodles batting - Pitching for Corpus Christi Hooks : RHP Tony Bader
Batting: LHB José Luna 0-0: Ball
1-0: Ball
2-0: Foul Ball, location: 5DF
2-1: Fly out, F9 (Flyball, 89S, EV 81.9 MPH)
Batting: RHB António Guerra 0-0: Ball
1-0: Ball
2-0: Called Strike
2-1: Foul Ball, location: 2F
2-2: Foul Ball, location: 3SF
2-2: Foul Ball, location: 2F
2-2: Ball
3-2: Ground out 2-3 (Groundball, 15S, EV 71.9 MPH)
Batting: RHB Pancho Castellanos 0-0: Foul Ball, location: 2F
0-1: Fly out, F8 (Flyball, 8LD, EV 103.1 MPH)
Top of the 3rd over - 0 runs, 0 hits, 0 errors, 0 left on base; Amarillo 0 - Corpus Christi 2
BOTTOM OF THE 3RD
Corpus Christi Hooks batting - Pitching for Amarillo Sod Poodles : RHP Dewitt Hawn
Batting: SHB Ismael Gonzáles 0-0: Ball
1-0: Foul Ball, location: 7LMF
1-1: Ball
2-1: Foul Ball, location: 9LSFF
2-2: Ball
3-2: Foul Ball, location: 23F
3-2: Foul Ball, location: 3F
3-2: Base on Balls
Batting: RHB Jerry Herring 0-0: Ball
1-0: Sac Bunt to 3S - play at first, batter OUT! 3-4
Ismael Gonzáles to second
Batting: LHB Cliff Hammock 0-0: SINGLE (Line Drive, 8RS, EV 90.0 MPH)
Ismael Gonzáles to third
Batting: RHB Jorge Guzmán 0-0: Foul Ball, location: 23FF
0-1: SINGLE (Line Drive, 34D, EV 97.5 MPH)
Ismael Gonzáles scores
Cliff Hammock to second
Batting: LHB Josh Brown 0-0: Grounds into double play, 6-4-3 (Groundball, 6, EV 109.4 MPH)
Bottom of the 3rd over - 1 run, 2 hits, 0 errors, 1 left on base; Amarillo 0 - Corpus Christi 3
TOP OF THE 4TH
Amarillo Sod Poodles batting - Pitching for Corpus Christi Hooks : RHP Tony Bader
Batting: SHB Joe Gibson 0-0: Called Strike
0-1: Ball
1-1: Foul Ball, location: 7LSF
1-2: Ball
2-2: DOUBLE (Flyball, 8LXD, EV 105.0 MPH)
Batting: LHB Jared Gyll 0-0: Ball
1-0: Ball
2-0: Swinging Strike
2-1: Ball
Passed Ball!
Joe Gibson to third
3-1: Called Strike
3-2: Base on Balls
Batting: RHB Greg Jamison 0-0: Ball
Jared Gyll steals 2nd base
1-0: Fly out, F8 (Flyball, 8RD, EV 93.8 MPH)
Runner from 3rd tags up, SCORES, throw by CF
Jared Gyll to third
Batting: RHB José Elrayes 0-0: Ball
1-0: Foul Ball, location: 2F
1-1: Ball
2-1: Ball
3-1: Called Strike
3-2: Base on Balls
Batting: RHB Stan Hammons 0-0: Swinging Strike
0-1: Ball
1-1: Ball
2-1: Ball
José Elrayes steals 2nd base
3-1: Foul Ball, location: 2F
3-2: 3-RUN HOME RUN (Flyball, 78XD, EV 110.6 MPH), Distance : 409 ft
Batting: RHB Manny Marroquín 0-0: Ball
1-0: Ball
2-0: Ball
3-0: Base on Balls
Batting: LHB José Luna 0-0: DOUBLE (Flyball, 7LD, EV 111.3 MPH)
Manny Marroquín to third
Batting: RHB António Guerra 0-0: Ball
1-0: Ball
2-0: Ball
3-0: Base on Balls
Batting: RHB Pancho Castellanos 0-0: Ball
1-0: Foul Ball, location: 2F
1-1: Ball
2-1: Foul Ball, location: 2LF
2-2: Foul Ball, location: 5F
2-2: Ball
3-2: Grounds into double play, 6-4-3 (Groundball, 6, EV 99.4 MPH)
Top of the 4th over - 4 runs, 3 hits, 0 errors, 2 left on base; Amarillo 4 - Corpus Christi 3
BOTTOM OF THE 4TH
Corpus Christi Hooks batting - Pitching for Amarillo Sod Poodles : RHP Dewitt Hawn
Batting: RHB Tony Hernández 0-0: Ball
1-0: Swinging Strike
1-1: Ground out 4-3 (Groundball, 4, EV 83.8 MPH)
Batting: RHB Baden Jiang 0-0: Fly out, F3 (Popup, 3SF, EV 76.3 MPH)
Batting: RHB Dave King 0-0: Called Strike
0-1: Fly out, F4 (Popup, 3D, EV 67.5 MPH)
Bottom of the 4th over - 0 runs, 0 hits, 0 errors, 0 left on base; Amarillo 4 - Corpus Christi 3
TOP OF THE 5TH
Amarillo Sod Poodles batting - Pitching for Corpus Christi Hooks : RHP Tony Bader
Batting: SHB Joe Gibson 0-0: Ball
1-0: Foul Ball, location: 7LDF
1-1: Foul Ball, location: 2F
1-2: Ground out 4-3 (Groundball, 4S, EV 81.3 MPH)
Batting: LHB Jared Gyll 0-0: Ball
1-0: SINGLE (Line Drive, 9S, EV 92.5 MPH)
Batting: RHB Greg Jamison 0-0: Ball
1-0: Ball
2-0: Foul Ball, location: 2F
2-1: DOUBLE (Flyball, 78D, EV 91.9 MPH)
Jared Gyll to third
Runner from 3rd tries for Home, SAFE, no throw by CF
Pitching: RHP Jon Miner
Batting: RHB José Elrayes 0-0: Ball
1-0: Foul Ball, location: 2F
1-1: Swinging Strike
1-2: Ball
2-2: Strikes out swinging
Batting: RHB Stan Hammons 0-0: Foul Ball, location: 5F
0-1: Ball
1-1: Foul Ball, location: 9LMF
1-2: Fly out, F7 (Line Drive, 7S, EV 86.9 MPH)
Top of the 5th over - 1 run, 2 hits, 0 errors, 1 left on base; Amarillo 5 - Corpus Christi 3
BOTTOM OF THE 5TH
Corpus Christi Hooks batting - Pitching for Amarillo Sod Poodles : RHP Dewitt Hawn
Batting: RHB Bernardo Bello 0-0: Ball
1-0: Called Strike
1-1: Swinging Strike
1-2: Strikes out swinging
Batting: SHB Ismael Gonzáles 0-0: Called Strike
0-1: Fly out, F9 (Flyball, 9, EV 85.6 MPH)
Batting: RHB Jerry Herring 0-0: Ball
1-0: Fly out, F9 (Flyball, 9, EV 89.4 MPH)
Bottom of the 5th over - 0 runs, 0 hits, 0 errors, 0 left on base; Amarillo 5 - Corpus Christi 3
TOP OF THE 6TH
Amarillo Sod Poodles batting - Pitching for Corpus Christi Hooks : RHP Jon Miner
Batting: RHB Manny Marroquín 0-0: Foul Ball, location: 2F
0-1: Foul Ball, location: 9LSF
0-2: Foul Ball, location: 2F
0-2: Strikes out swinging
Batting: LHB José Luna 0-0: Ball
1-0: Ball
2-0: Foul Ball, location: 3F
2-1: Foul Ball, location: 25F
2-2: Ground out 4-3 (Groundball, 34D, EV 100.0 MPH)
Batting: RHB António Guerra 0-0: Ball
1-0: Called Strike
1-1: Swinging Strike
1-2: Ball
2-2: SINGLE (Groundball, 34D, EV 95.6 MPH)
Batting: RHB Pancho Castellanos 0-0: Called Strike
0-1: Swinging Strike
0-2: Ball
1-2: Strikes out swinging
Top of the 6th over - 0 runs, 1 hit, 0 errors, 1 left on base; Amarillo 5 - Corpus Christi 3
BOTTOM OF THE 6TH
Corpus Christi Hooks batting - Pitching for Amarillo Sod Poodles : RHP Dewitt Hawn
Batting: LHB Cliff Hammock 0-0: Called Strike
0-1: Swinging Strike
0-2: Fly out, F8 (Flyball, 89M, EV 92.5 MPH)
Batting: RHB Jorge Guzmán 0-0: Ball
1-0: Called Strike
1-1: Called Strike
1-2: SINGLE (Groundball, 34D, EV 95.6 MPH)
Batting: LHB Josh Brown 0-0: Ball
1-0: Fly out, F9 (Flyball, 9D, EV 90.6 MPH)
Batting: RHB Tony Hernández 0-0: Called Strike
0-1: Fielders Choice at 2nd, 5-4 (Groundball, 56, EV 83.8 MPH)
Bottom of the 6th over - 0 runs, 1 hit, 0 errors, 1 left on base; Amarillo 5 - Corpus Christi 3
TOP OF THE 7TH
Amarillo Sod Poodles batting - Pitching for Corpus Christi Hooks : RHP Jon Miner
Batting: SHB Joe Gibson 0-0: Called Strike
0-1: Ball
1-1: Ball
2-1: Ball
3-1: Foul Ball, location: 3SF
3-2: Strikes out looking
Batting: LHB Jared Gyll 0-0: Called Strike
0-1: Swinging Strike
0-2: SINGLE (Groundball, 6MD, EV 103.8 MPH)
Batting: RHB Greg Jamison 0-0: Called Strike
Jared Gyll steals 2nd base
0-1: Ball
1-1: Foul Ball, location: 7LDF
1-2: Fly out, F8 (Flyball, 8LM, EV 86.3 MPH)
Runner from 2nd tags up, OUT at 3rd! 8-5
Top of the 7th over - 0 runs, 1 hit, 0 errors, 0 left on base; Amarillo 5 - Corpus Christi 3
BOTTOM OF THE 7TH
Corpus Christi Hooks batting - Pitching for Amarillo Sod Poodles : RHP Dewitt Hawn
Batting: RHB Baden Jiang 0-0: Ball
1-0: Ground out 3-1 (Groundball, 34S, EV 88.1 MPH)
Batting: RHB Dave King 0-0: Ball
1-0: Ball
2-0: Ground out 5-3 (Groundball, 56S, EV 67.5 MPH)
Batting: RHB Bernardo Bello 0-0: Ball
1-0: Ground out 4-3 (Groundball, 4D, EV 90.0 MPH)
Bottom of the 7th over - 0 runs, 0 hits, 0 errors, 0 left on base; Amarillo 5 - Corpus Christi 3
TOP OF THE 8TH
Amarillo Sod Poodles batting - Pitching for Corpus Christi Hooks : RHP Jon Miner
Batting: RHB José Elrayes 0-0: Hit by Pitch
Batting: RHB Stan Hammons 0-0: Ball
1-0: Called Strike
1-1: Ball
2-1: Bunted foul
2-2: Foul Ball, location: 2RF
2-2: Ground out 5-3 (Groundball, 56S, EV 73.1 MPH)
José Elrayes to second
Batting: RHB Manny Marroquín 0-0: Intentional Walk
Batting: LHB José Luna 0-0: SINGLE (Groundball, P, EV 86.3 MPH) (infield hit)
José Elrayes to third
Manny Marroquín to second
Batting: RHB António Guerra 0-0: Ball
1-0: Foul Ball, location: 25F
1-1: Ball
2-1: Ball
3-1: Base on Balls
José Elrayes scores
Manny Marroquín to third
José Luna to second
Pitching: RHP Ignacio Vásquez
Batting: RHB Pancho Castellanos 0-0: Ball
1-0: Called Strike
1-1: Called Strike
1-2: Strikes out looking
Batting: SHB Joe Gibson 0-0: Ball
1-0: Ball
2-0: Ball
3-0: Called Strike
3-1: Base on Balls
Manny Marroquín scores
José Luna to third
António Guerra to second
Batting: LHB Jared Gyll 0-0: Fly out, F8 (Line Drive, 8LM, EV 96.3 MPH)
Top of the 8th over - 2 runs, 1 hit, 0 errors, 3 left on base; Amarillo 7 - Corpus Christi 3
BOTTOM OF THE 8TH
Corpus Christi Hooks batting - Pitching for Amarillo Sod Poodles : RHP Dewitt Hawn
Batting: SHB Ismael Gonzáles 0-0: Foul Ball, location: 2F
0-1: Ground out 4-3 (Groundball, 4M, EV 82.5 MPH)
Batting: RHB Jerry Herring 0-0: Foul Ball, location: 7LMF
0-1: DOUBLE (Flyball, 89D, EV 110.6 MPH)
Batting: LHB Cliff Hammock 0-0: Called Strike
0-1: Foul Ball, location: 2F
0-2: Ball
1-2: Fly out, F8 (Flyball, 8LXD, EV 93.1 MPH)
Runner from 2nd tags up, SAFE at 3rd, no throw by CF
Batting: RHB Jorge Guzmán 0-0: Foul Ball, location: 2F
0-1: Ball
1-1: Ball
Wild Pitch!
Jerry Herring scores
2-1: Foul Ball, location: 3F
2-2: Foul Ball, location: 2F
2-2: Strikes out swinging
Bottom of the 8th over - 1 run, 1 hit, 0 errors, 0 left on base; Amarillo 7 - Corpus Christi 4
TOP OF THE 9TH
Amarillo Sod Poodles batting - Pitching for Corpus Christi Hooks : RHP Ignacio Vásquez
Batting: RHB Greg Jamison 0-0: Called Strike
0-1: Foul Ball, location: 2F
0-2: SOLO HOME RUN (Flyball, 78XD, EV 99.4 MPH), Distance : 396 ft
Batting: RHB José Elrayes 0-0: Called Strike
0-1: Ball
1-1: Foul Ball, location: 3SF
1-2: Ground out 6-3 (Groundball, 6, EV 80.0 MPH)
Batting: RHB Stan Hammons 0-0: Ground out 4-3 (Groundball, 4, EV 93.1 MPH)
Batting: RHB Manny Marroquín 0-0: Swinging Strike
0-1: Called Strike
0-2: Ball
1-2: Ball
2-2: Strikes out swinging
Top of the 9th over - 1 run, 1 hit, 0 errors, 0 left on base; Amarillo 8 - Corpus Christi 4
BOTTOM OF THE 9TH
Corpus Christi Hooks batting - Pitching for Amarillo Sod Poodles : RHP Dewitt Hawn
Batting: LHB Josh Brown 0-0: Called Strike
0-1: Ball
1-1: Called Strike
1-2: Foul Ball, location: 2F
1-2: Ball
2-2: Strikes out looking
Pitching: RHP Rodrigo Escobar
Batting: RHB Tony Hernández 0-0: Ball
1-0: SINGLE (Flyball, 8RS, EV 94.4 MPH)
Batting: RHB Baden Jiang 0-0: Ball
1-0: Ball
2-0: Called Strike
2-1: Foul Ball, location: 9LDF
2-2: Strikes out looking
Batting: RHB Dave King 0-0: Fly out, F3 (Line Drive, 3, EV 71.9 MPH)
Bottom of the 9th over - 0 runs, 1 hit, 0 errors, 1 left on base; Amarillo 8 - Corpus Christi 4
Monday, April 1st , 2024 - OOTP Baseball 24.10 Build 82